Map: Bel'Shir Vestige LE (Void)

Players

Musumeci - Winner!

  • Race: Zerg Zerg
  • League: Diamond
  • Spawn Location: 5:00

MichyMoko

  • Race: Zerg Zerg
  • Spawn Location: 11:00

VOD

Have the link to the VOD?

Description

Time

  • Played on: March 26, 2017, 12:21 p.m.
  • Length: 14:36
Show
View Real Time Build Order
Export as new Build Order

Musumeci Zerg - Winner!

Build Orders: Hatch First, Zergling Baneling 

Get SALT Encoding   

  12  0:00  Drone  
  13  0:08  Drone  
  14  0:16  Overlord  
  14  0:24  Drone, Extractor  
  15  0:34  Drone x2  
  17  0:52  Hatchery  
  16  0:58  Drone  
  17  1:11  Spawning Pool  
  17  1:12  Extractor  
  17  1:16  Drone  
  16  1:19  Drone  
  16  1:23  Drone  
  18  1:27  Drone  
  19  1:37  Overlord  
  19  1:49  Drone  
  20  1:58  Queen  
  20  1:59  Zergling x2  
  23  2:03  Queen  
  23  2:06  Drone  
  26  2:13  Metabolic Boost  
  26  2:17  Drone  
  26  2:19  Drone  
  26  2:22  Drone  
  29  2:26  Zergling x2  
  30  2:34  Baneling Nest  
  29  2:39  Queen  
  31  2:49  Zergling x6  
  32  3:36  Zergling x8  
  36  3:47  Baneling x2  
  36  3:54  Baneling x2  
  35  4:06  Zergling x2  
  31  4:20  Zergling x12  
  31  4:21  Overlord  
  31  4:22  Overlord  
  31  4:23  Overlord  
  36  4:26  Baneling x2  
  36  4:39  Baneling x3  
  36  4:40  Zergling x10  
  36  4:42  Baneling x2  
  40  5:06  Zergling x18  
  49  5:20  Drone x2  
  50  5:23  Zergling x2  
  50  5:24  Zergling x2  
  50  5:28  Roach Warren  
  51  5:29  Extractor  
  51  5:31  Drone x6  
  51  5:50  Hatchery, Zergling x8  
  49  6:02  Drone  
  49  6:03  Drone x4  
  52  6:06  Extractor  
  52  6:08  Extractor  
  52  6:09  Lair  
  49  6:27  Drone  
  49  6:28  Drone x5  
  53  7:02  Queen, Drone x8  
  63  7:11  Roach, Evolution Chamber  
  63  7:12  Overlord  
  63  7:13  Overlord x5  
  63  7:42  Roach  
  63  7:43  Roach x12  
  87  7:50  Baneling x2  
  86  8:08  Roach x3  
  86  8:09  Roach x7  
  86  8:11  Zerg Missile Weapons Level 1  
  86  8:12  Drone  
  107  8:20  Overlord x2  
  107  8:22  Overlord  
  107  8:30  Overseer  
  107  8:32  Overseer  
  107  8:39  Glial Reconstitution  
  107  8:43  Roach x6  
  119  9:06  Drone x9  
  119  9:09  Extractor  
  126  9:10  Extractor  
  125  9:19  Hydralisk Den  
  125  9:23  Evolution Chamber  
  123  9:24  Roach  
  123  9:25  Roach x2  
  123  9:26  Overlord x3  
  123  9:29  Spore Crawler  
  128  9:32  Spore Crawler x2  
  128  9:33  Ravager x3  
  128  9:35  Overlord  
  128  9:37  Overlord  
  129  9:44  Ravager  
  129  9:45  Ravager x8  
  138  9:59  Drone  
  139  10:00  Drone x8  
  147  10:18  Hydralisk x6  
  159  10:24  Muscular Augments  
  159  10:50  Zerg Missile Weapons Level 2  
  159  10:51  Zerg Ground Armor Level 1  
  159  11:00  Hydralisk  
  161  11:06  Overlord x6  
  161  11:07  Overlord x3  
  159  11:57  Spore Crawler  
  159  11:58  Roach x5, Hydralisk  
  159  11:59  Hydralisk x12  
  194  12:02  Ravager x6  
  155  12:33  Hydralisk x11  
  154  12:44  Roach  
  154  12:45  Roach x8  
  151  12:59  Roach x6  
  151  13:02  Ravager  
  116  13:21  Roach  
  116  13:22  Roach x9  
  128  13:59  Roach  
  128  14:00  Roach x12  
Show
View Real Time Build Order
Export as new Build Order

MichyMoko Zerg 

Build Orders: Pool First 

Get SALT Encoding   

  12  0:01  Drone  
  13  0:12  Overlord  
  13  0:17  Drone  
  14  0:32  Drone  
  14  0:33  Drone  
  16  0:35  Drone  
  17  0:47  Spawning Pool  
  17  0:49  Drone  
  17  0:54  Extractor  
  16  0:57  Drone  
  17  1:30  Hatchery  
  16  1:34  Drone x3  
  19  1:41  Queen  
  21  1:48  Zergling x2  
  22  1:56  Overlord  
  22  2:14  Zergling x2  
  23  2:18  Zergling x2  
  24  2:28  Queen  
  26  2:30  Zergling x2  
  26  2:32  Metabolic Boost  
  27  2:39  Roach Warren  
  27  2:40  Drone  
  26  3:06  Zergling x4  
  26  3:07  Drone x2  
  26  3:08  Drone  
  26  3:09  Overlord  
  31  3:19  Drone x2  
  33  3:43  Drone x5  
  36  3:49  Drone  
  36  3:50  Drone  
  33  4:27  Drone x7  
  40  4:35  Drone x3  
  40  4:36  Overlord  
  43  4:44  Extractor  
  42  4:49  Queen  
  42  4:56  Roach x5  
  42  4:59  Lair  
  52  5:12  Overlord x3  
  51  5:31  Roach  
  51  5:32  Roach x7  
  67  5:46  Zergling x10  
  66  5:55  Zergling x2  
  66  5:56  Zergling x2  
  58  6:21  Glial Reconstitution  
  58  6:40  Zergling x18  
  67  6:52  Zergling x2  
  67  6:53  Zergling x8  
  65  7:04  Roach  
  65  7:05  Roach x2  
  71  7:10  Extractor  
  70  7:19  Drone x4  
  70  7:20  Extractor  
  73  7:33  Hatchery  
  69  7:46  Roach  
  69  7:47  Roach x3  
  74  7:52  Overlord x4  
  74  8:00  Evolution Chamber  
  74  8:01  Evolution Chamber  
  72  8:07  Drone x2, Spire  
  72  8:08  Drone  
  72  8:09  Overlord  
  72  8:10  Overlord  
  74  8:16  Roach x3  
  74  8:18  Ravager x2  
  74  8:19  Ravager x5  
  87  8:34  Drone  
  87  8:35  Drone x5  
  87  8:39  Roach  
  87  8:40  Roach x2  
  99  8:44  Zerg Missile Weapons Level 1  
  99  8:56  Unknown  
  99  9:04  Drone x8  
  107  9:10  Unknown  
  107  9:21  Mutalisk x5  
  117  9:31  Extractor  
  116  9:47  Unknown  
  116  9:50  Mutalisk x3  
  116  9:51  Zergling x6  
  116  9:52  Zergling x8  
  129  9:53  Overlord x3  
  129  9:54  Drone  
  129  9:59  Overseer  
  128  10:18  Mutalisk x2  
  132  10:54  Mutalisk x4  
  132  10:56  Roach  
  146  10:57  Roach x2  
  146  10:59  Overlord x6  
  146  11:12  Extractor  
  136  11:53  Roach x14  
  136  11:54  Roach x9  
  180  12:06  Mutalisk x2  
  180  12:07  Mutalisk x2  
  180  12:08  Zergling x2  
  177  12:18  Roach  
  177  12:19  Roach x2  
  150  12:39  Roach x6  
  162  12:46  Mutalisk  
  162  12:47  Mutalisk  
  159  13:03  Roach x3  
  151  13:09  Roach x2  
  151  13:10  Roach  
  116  13:13  Unknown  
  86  13:30  Roach x10  
  99  13:39  Roach x3  
  105  13:47  Roach  
  105  13:48  Roach  
  92  13:54  Roach x2  
  72  14:01  Roach x2  
  68  14:06  Roach x4  
Tags
 
Add a new tag
Caveats
  • Supply blocks, unpowered buildings, or Contaminate may cause inaccurate times.
  • Supply counts are checked every 10 seconds.